Map: Dreamcatcher LE

Players

Reynor - Winner!

  • Race: Zerg Zerg
  • Spawn Location: 11:00

uThermaL

  • Race: Terran Terran
  • Spawn Location: 5:00

Event: WCS Montreal 2018

VOD

https://youtu.be/1VZC4mGnUSg?t=1h10m57s

Description

Time

  • Played on: Sept. 9, 2018, 1:47 p.m.
  • Length: 3:25

All games in this series

Show
View Real Time Build Order
Export as new Build Order

Reynor Zerg - Winner!

Build Orders: Pool First 

Get SALT Encoding   

  12  0:00  Drone  
  13  0:12  Overlord  
  13  0:17  Drone  
  14  0:30  Drone x2  
  16  0:41  Spawning Pool  
  15  0:45  Drone  
  15  0:47  Drone  
  17  1:09  Hatchery  
  16  1:11  Drone  
  17  1:27  Zergling x6  
  17  1:30  Queen  
  22  1:34  Extractor  
  22  1:39  Overlord  
  21  1:49  Drone  
  22  2:00  Drone  
  23  2:06  Queen  
  25  2:21  Zergling x2  
  25  2:22  Zergling x4, Spine Crawler x2  
  26  2:33  Zergling x4  
  28  2:38  Zergling x2  
  28  2:41  Zergling x2  
  23  3:00  Zergling x4  
  25  3:08  Zergling x4  
Show
View Real Time Build Order
Export as new Build Order

uThermaL Terran 

Build Orders: Proxy 2 Rax 

Get SALT Encoding   

  12  0:00  SCV  
  13  0:14  Supply Depot  
  13  0:36  Barracks  
  13  0:46  Barracks  
  13  1:02  Barracks  
  13  1:09  SCV  
  14  1:22  Marine  
  15  1:27  Barracks  
  15  1:33  Marine  
  16  1:40  Marine  
  16  1:46  Supply Depot  
  17  1:50  Marine  
  18  1:54  Marine  
  18  1:59  Marine  
  20  2:08  Marine  
  20  2:12  Marine  
  20  2:15  Marine  
  23  2:18  Marine  
  24  2:26  Marine  
  24  2:30  Marine  
Tags
 
Add a new tag
Caveats
  • Supply blocks, unpowered buildings, or Contaminate may cause inaccurate times.
  • Supply counts are checked every 10 seconds.